[Event "45th FIDE Womens Olympiad 2024"]
[Site "Budapest"]
[Date "2024.09.12"]
[Round "2.29"]
[White "Tokhirjonova, Gulrukhbegim"]
[Black "Mendoza, Shania Mae"]
[Result "1/2-1/2"]
[ECO "B01"]
[WhiteElo "2380"]
[BlackElo "2013"]
[Annotator "TA"]
[PlyCount "147"]
[EventDate "2024.09.05"]
[EventType "team-tourn"]
[EventCountry "HUN"]
[SourceTitle "playchess.com"]
[Source "ChessBase"]
[SourceQuality "1"]
[WhiteTeam "United States of America"]
[BlackTeam "Philippines"]
[WhiteTeamCountry "USA"]
[BlackTeamCountry "PHI"]
[TimeControl "40/5400+30:1800+30"]

1. e4 d5 2. exd5 Qxd5 3. Nc3 Qa5 4. d4 c6 5. Bc4 Nf6 6. Nge2 g6 {[%emt 0:05:49] B01: Scandinavian Defence.} 7. O-O Bg7 8. Nf4 O-O 9. Re1 Re8 $146 ({Predecessor:} 9... e6 10. Be3 Nbd7 11. Qf3 Nb6 12. Bb3 Nbd5 13. Ncxd5 exd5 14. h3 Bf5 15. g4 Bd7 {½-½ Lehtivaara,R (2121)-Bjarnemark,D (2029) FIN-chT1B 1819 2018 (5.5)}) 10. Nd3 Bg4 11. Qd2 Nbd7 12. Ne5 Nxe5 13. dxe5 Nd5 14. Bxd5 cxd5 15. Qxd5 Qa6 16. Qb5 Qxb5 17. Nxb5 Red8 18. h3 Bd7 19. Na3 Rac8 20. c3 Bf5 21. Be3 Bxe5 22. Bxa7 Bf6 23. Be3 Rd5 24. Red1 Rxd1+ 25. Rxd1 Be6 26. Nb5 Bxa2 27. Rd7 Rb8 28. Ba7 Be6 29. Rc7 Rd8 30. Bd4 $1 (30. Rxb7 $2 {perishes.} Rd1+ 31. Kh2 Be5+ 32. f4 (32. g3 Bd5 33. f3 Bxf3 34. Bg1 Bxb7 35. Nd4 Rd2+) 32... Bxf4+ 33. g3 Bd5 (33... Rd2+ $2 34. Kg1 $19) 34. gxf4 Bxb7 $19) 30... Rd7 31. Bxf6 Rxc7 32. Nxc7 exf6 33. Ne8 f5 34. Nd6 b6 35. f4 Kf8 36. Kf2 Ke7 37. Nb5 h6 38. h4 f6 ({Black should try} 38... Kf6 $14) 39. Ke3 $16 g5 40. g3 Bd7 41. Na3 (41. Nd4 $16) 41... Kf7 $1 $14 42. hxg5 (42. Nc4 $16 b5 43. Nb6) 42... fxg5 $11 43. Nc4 b5 44. Ne5+ Ke6 45. b3 Be8 46. Kd4 Bh5 47. c4 bxc4 48. Kxc4 Be2+ 49. Kd4 Kf6 50. b4 gxf4 51. gxf4 h5 52. Ke3 Bg4 53. Kf2 Ke6 54. b5 Kd6 55. b6 Bd1 56. Kg3 Bc2 57. Nf3 Be4 58. Nd4 Kc5 59. Nxf5 Kxb6 (59... Bxf5 $2 {too greedy.} 60. b7 Bd3 61. b8=Q $18 (61. b8=B Bf5 $11)) 60. Ng7 Kc5 61. Nxh5 Kd6 62. Nf6 Bb1 63. Kf3 Ke6 64. Ne4 Bxe4+ 65. Kxe4 Kf6 66. f5 Kf7 67. Ke5 $1 Ke7 68. f6+ Kf7 69. Kf5 Kf8 70. Kg4 Kf7 71. Kg5 (71. Kf5 $5) 71... Kf8 72. Kg6 Kg8 73. f7+ $1 Kf8 74. Kf6 1/2-1/2

[Event "45th FIDE Womens Olympiad 2024"]
[Site "Budapest"]
[Date "2024.09.12"]
[Round "2.30"]
[White "Frayna, Janelle Mae"]
[Black "Yip, Carissa"]
[Result "0-1"]
[ECO "E95"]
[WhiteElo "2216"]
[BlackElo "2386"]
[Annotator "TA"]
[PlyCount "109"]
[EventDate "2024.09.05"]
[EventType "team-tourn"]
[EventCountry "HUN"]
[SourceTitle "playchess.com"]
[Source "ChessBase"]
[SourceQuality "1"]
[WhiteTeam "Philippines"]
[BlackTeam "United States of America"]
[WhiteTeamCountry "PHI"]
[BlackTeamCountry "USA"]
[TimeControl "40/5400+30:1800+30"]

1. c4 g6 2. d4 Bg7 3. Nf3 d6 4. Nc3 Nf6 5. e4 O-O 6. Be2 Nbd7 7. O-O e5 8. Re1 Re8 9. Bf1 exd4 10. Nxd4 a6 11. f3 c6 12. Nb3 Qc7 13. Be3 Ne5 14. Rc1 Be6 15. Nd5 Bxd5 16. cxd5 c5 17. a4 Rab8 18. a5 Qd8 19. Rc2 h6 20. Qa1 Nh5 21. Nd2 Kh8 22. Qa4 b5 23. axb6 Rxb6 24. Bxa6 ({White should try} 24. b3 $16) 24... Rb4 25. Qa2 f5 $1 26. Bf1 ({White should play} 26. exf5 $11 Qd7 27. Qb1) 26... f4 (26... fxe4 $15 27. Nxe4 Rxe4 28. fxe4 Ng4) 27. Bf2 $14 g5 28. Nc4 (28. Be2 $1 $14) 28... Rg8 (28... g4 $11 29. fxg4 (29. Nxe5 Bxe5 30. Rb1 g3 $19) 29... Nxg4) 29. Qa6 Nxc4 30. Bxc4 Rb6 31. Qa3 Be5 32. Rb1 Rb4 (32... Qe8 $14) 33. Be1 $16 Bd4+ 34. Kf1 g4 35. Bxb4 (35. fxg4 $16 Nf6 36. Be2 (36. Bxb4 Nxg4 37. Ba5 Qh4 $17)) 35... cxb4 $14 36. Qd3 (36. Qxb4 $16 {And now fxg4 would win.} gxf3 37. Bd3) 36... Qf6 (36... Be3 $1 $11 {remains equal.} 37. fxg4 Rxg4) 37. Rd1 ({Better is} 37. fxg4 $16 f3 38. Qxf3 (38. gxh5 fxg2+ 39. Ke1 g1=Q+ 40. Qf1 Qf3 41. Be2 Bf2+ 42. Kd2 Qe3+ 43. Kd1 Qxf1+ 44. Bxf1 Qe1#)) 37... Be3 $11 38. e5 $2 {[%emt 0:00:09][%mdl 8192] [#]} (38. Re1 $11) 38... Qh4 $1 $19 39. Re1 Qxh2 40. Rxe3 Qh1+ (40... fxe3 41. Qxe3 Ng3+ 42. Ke1 $17) 41. Ke2 fxe3 (41... gxf3+ $142 42. Kxf3 Rg3+ (42... fxe3 $2 43. Kxe3 Qg1+ 44. Kd2 $19) 43. Ke4 fxe3 (43... Rxe3+ $2 44. Qxe3 fxe3 45. Bd3 $19) 44. Qxe3 Qh4+ (44... Rxe3+ $2 45. Kxe3 Qg1+ 46. Ke4 $19) 45. Kd3 dxe5 (45... Rxe3+ $2 46. Kxe3 Qg5+ 47. Ke2 $19) 46. Qxg3 Qd4+ (46... Qxg3+ $2 47. Kd2 $19) 47. Ke2 Nxg3+ 48. Ke1 Qg1+ 49. Kd2 Qxg2+ 50. Kd1 Qg1+ 51. Kd2 Ne4+ 52. Kd3 Qd4+ 53. Ke2 Qf2+ 54. Kd1 Qf3+ 55. Ke1 b3 56. Bxb3 Qxb3 57. Rc8+ Kg7 58. Ke2 Qxb2+ 59. Kd3 Nf2+ 60. Ke3 Qd4+ 61. Kf3 Ne4 (61... Qxd5+ {is a self mate.} 62. Kxf2 Qd7 63. Ra8 Qd2+ 64. Kg1 Qe1+ 65. Kh2 Qf2+ 66. Kh1 Qf3+ 67. Kg1 Qxa8 68. Kf2 Qe4 69. Kf1 Qe3 70. Kg2 h5 71. Kf1 h4 72. Kg2 h3+ 73. Kh2 Qf3 74. Kg1 Qg2#) 62. Rc2 Qd3+ (62... Qxd5 {gets mated.} 63. Rb2 Ng5+ 64. Kg3 Qd4 65. Ra2 h5 66. Kh2 Kh7 67. Kg3 Qg1+ 68. Rg2 Qe1+ 69. Rf2 Ne4+ 70. Kf3 Nxf2 71. Kg2 Ng4 72. Kh3 Qf1+ 73. Kh4 Qf4 74. Kxh5 Nf6#) 63. Kg4 Nf6+ (63... Qxc2 64. Kf5 Ng5+ 65. Kxe5 Qc5 66. Kf4 Qf2+ 67. Kg4 Qf3+ 68. Kh4 Qh3#) 64. Kh4 Qf3 (64... Qxc2 65. Kh3 Qf2 66. d6 Ne4 67. Kg4 Qf4+ 68. Kh5 Qg5#) 65. Rc4 Kg6 (65... Qxd5 66. Rc8 Qg2 67. Rc7+ Kg8 68. Rc8+ Kf7 69. Rc7+ Ke6 70. Rc6+ Kf5 71. Rxf6+ Kxf6 72. Kh5 Qh3#) (65... Qf2+ 66. Kh3 Qf1+ 67. Kg3 Qxc4 68. Kg2 Ne4 69. Kh2 Qf1 70. d6 Qf2+ 71. Kh3 Qg3#) 66. Ra4 Qg2 67. d6 Qh2#) 42. Qxe3 {[%emt 0:02:23] [#]} gxf3+ $1 43. gxf3 Qh2+ 44. Kd3 Nf4+ ({Weaker is} 44... Qxe5 45. Qxh6#) 45. Kd4 Qxc2 46. Qxf4 Qxb2+ 47. Ke4 Qxe5+ 48. Qxe5+ dxe5 49. Kxe5 Rb8 50. Bb3 Kg7 51. d6 Kf8 52. f4 h5 53. f5 h4 54. Kf4 Rd8 55. Ke4 0-1

[Event "45th FIDE Womens Olympiad 2024"]
[Site "Budapest"]
[Date "2024.09.12"]
[Round "2.30"]
[White "Ibtihal Osman"]
[Black "Henry, Zahidu"]
[Result "1-0"]
[ECO "B10"]
[WhiteElo "1626"]
[BlackElo "1450"]
[Annotator "NA"]
[PlyCount "63"]
[EventDate "2024.09.05"]
[EventType "team-tourn"]
[EventCountry "HUN"]
[SourceTitle "playchess.com"]
[Source "ChessBase"]
[SourceQuality "1"]
[WhiteTeam "Sudan"]
[BlackTeam "Dominica"]
[WhiteTeamCountry "SUD"]
[BlackTeamCountry "DMA"]
[TimeControl "40/5400+30:1800+30"]

1. e4 c6 2. Nf3 d5 3. e5 Bg4 4. d4 e6 5. c3 c5 6. Be2 Nc6 7. Be3 Qb6 8. Qd2 f6 9. O-O Bxf3 10. Bxf3 fxe5 11. dxc5 Qc7 12. Bh5+ g6 13. Bg4 Qd7 14. f4 e4 15. Bd4 Bg7 16. Bxg7 Qxg7 17. Bxe6 Nge7 18. Na3 a6 19. Rad1 Qf6 20. Bxd5 Rd8 21. Bxc6+ Nxc6 22. Qe3 Qe7 23. Nc4 O-O 24. Nd6 Rd7 25. Qxe4 Qf6 26. g3 h6 27. Rfe1 Kg7 28. Ne8+ Rxe8 29. Rxd7+ Re7 30. Rxe7+ Kf8 31. Rxb7 Nd8 32. Qe8# 1-0

[Event "45th FIDE Womens Olympiad 2024"]
[Site "Budapest"]
[Date "2024.09.12"]
[Round "2.31"]
[White "Lee, Alice"]
[Black "Fronda, Jan Jodilyn"]
[Result "1-0"]
[ECO "A57"]
[WhiteElo "2384"]
[BlackElo "2165"]
[Annotator "TA"]
[PlyCount "64"]
[EventDate "2024.09.05"]
[EventType "team-tourn"]
[EventCountry "HUN"]
[SourceTitle "playchess.com"]
[Source "ChessBase"]
[SourceQuality "1"]
[WhiteTeam "United States of America"]
[BlackTeam "Philippines"]
[BlackTeamCountry "PHI"]
[TimeControl "40/5400+30:1800+30"]

1. d4 Nf6 2. c4 c5 3. d5 b5 4. Nd2 Qa5 5. Qc2 bxc4 6. e4 d6 7. Bxc4 (7. Qxc4 g6 $11) 7... g6 8. Ne2 Bg7 {[%emt 0:01:26] White is slightly better.} 9. O-O O-O 10. b3 Qc7 (10... Nxe4 $2 11. Nxe4 Bxa1 12. Bd2 $18) 11. Bb2 a5 12. h3 Ba6 13. f4 Qb7 14. Rab1 Nbd7 15. Bc3 Qc7 16. Qd3 Bb7 17. a4 Rfd8 18. g4 {[%emt 0:01:25][%cal Bg2g4,Bg4g5,Bg5f6][%mdl 32] White is more active.} Nb6 19. Rf2 Qc8 (19... e6 $142) 20. Bb5 $16 e6 21. Nc4 Qc7 22. Nxb6 ({Inferior is} 22. Bxa5 Rxa5 23. Nxa5 exd5 24. Nxb7 dxe4 $11) (22. Nxa5 exd5 23. exd5 (23. Nxb7 dxe4 24. Qg3 Qxb7 $11) 23... Bxd5 $11) 22... Qxb6 23. g5 exd5 $2 {[%emt 0:07:53][%mdl 8192] Loses the game.} ({Black should play} 23... Nh5 $1 $14) 24. gxf6 $18 ({Weaker is} 24. Bxf6 dxe4 25. Qg3 (25. Bxd8 Rxd8 26. Qg3 Bc8 $16) 25... Bxf6 26. gxf6 Kh8 $16) 24... dxe4 25. Qg3 Bf8 (25... e3 $142) 26. f5 {[%emt 0:00:19] [#] fxg6 would now be deadly.} d5 27. fxg6 hxg6 28. Nf4 {[%emt 0:01:44][%cal Of4g6] White wants to mate with Nxg6!} Qc7 29. Qg5 {[%emt 0:02:15][%cal Of4g6] White threatens Nxg6! and mate.} Kh7 30. Qh4+ Bh6 {[%emt 0:01:22] [#]} 31. Ne6 $1 fxe6 (31... Rh8 32. Nxc7) 32. Bd2 Qf7 {[%emt 0:00:00] Weighted Error Value: White=0.09 (flawless) /Black=0.83.  Loses game:     	---       	Black=1      Mistake:       	---       	Black=2      Inaccurate:     	White=2     	Black=2      OK:         	White=11    	Black=5      Best:        	White=2     	---} 1-0

[Event "45th FIDE Womens Olympiad 2024"]
[Site "Budapest"]
[Date "2024.09.12"]
[Round "2.32"]
[White "Canino, Ruelle"]
[Black "Zatonskih, Anna"]
[Result "0-1"]
[ECO "A20"]
[WhiteElo "2004"]
[BlackElo "2320"]
[Annotator "ChessBase"]
[PlyCount "66"]
[EventDate "2024.09.05"]
[EventType "team-tourn"]
[EventCountry "HUN"]
[SourceTitle "playchess.com"]
[Source "ChessBase"]
[SourceQuality "1"]
[WhiteTeam "Philippines"]
[BlackTeam "United States of America"]
[WhiteTeamCountry "PHI"]
[BlackTeamCountry "USA"]
[TimeControl "40/5400+30:1800+30"]

1. c4 e5 2. Nf3 e4 3. Ng1 Nf6 4. Nc3 Bb4 5. Qc2 Qe7 6. Nb5 d5 7. a3 c6 8. cxd5 O-O 9. dxc6 Bc5 10. e3 Nxc6 11. d4 Bb6 12. Ne2 Bd7 13. Ng3 Rac8 14. Nc3 Rfe8 15. Be2 Bc7 16. b4 a5 17. b5 Nb4 18. axb4 axb4 19. Na4 Bxg3 20. Qb2 Bd6 21. Nb6 Rc7 22. Bd2 Be6 23. O-O Nd5 24. Nxd5 Bxd5 25. b6 Rc6 26. Bb5 Bxh2+ 27. Kxh2 Qh4+ 28. Kg1 Rh6 29. f4 exf3 30. Rxf3 Bxf3 31. Bf1 Qh2+ 32. Kf2 Bxg2 33. Qxb4 Bxf1+ 0-1

[Event "45th FIDE Womens Olympiad 2024"]
[Site "Budapest"]
[Date "2024.09.12"]
[Round "2.33"]
[White "Goossens, Hanne"]
[Black "Paehtz, Elisabeth"]
[Result "0-1"]
[ECO "C56"]
[WhiteElo "2189"]
[BlackElo "2455"]
[Annotator "TA"]
[PlyCount "76"]
[EventDate "2024.09.05"]
[EventType "team-tourn"]
[EventCountry "HUN"]
[SourceTitle "playchess.com"]
[Source "ChessBase"]
[SourceQuality "1"]
[WhiteTeam "Belgium"]
[BlackTeam "Germany"]
[WhiteTeamCountry "BEL"]
[BlackTeamCountry "GER"]
[TimeControl "40/5400+30:1800+30"]

1. e4 e5 2. Nf3 Nc6 3. Bc4 Nf6 4. d4 exd4 5. e5 d5 6. Bb5 Nd7 7. O-O Be7 8. Bxc6 bxc6 9. Nxd4 Nb8 10. Nc3 O-O 11. Qf3 {The position is equal.} (11. Qh5 {seems wilder.} Re8 12. Bf4 Qd7 13. Rfe1) 11... a5 12. Re1 Ra6 13. Nf5 Bxf5 14. Qxf5 Rb6 (14... Qc8 $11 15. Qd3 Rd8) 15. b3 Qd7 16. Qd3 Rd8 17. Na4 Rb5 18. Bb2 Na6 19. Nc3 (19. a3 $14) 19... Rb6 20. Ne2 (20. Rad1 $14) 20... c5 $11 21. Ng3 Nb4 22. Qd2 Qg4 (22... d4 $17) 23. f4 Rh6 ({Black should try} 23... c4 $15 24. Bd4 c5) 24. Re2 Qh4 25. Nf1 d4 {[%cal Oc5c4] White must now prevent ...c4!} 26. Re4 Nd5 27. g3 (27. Rae1 $11 {feels stronger.}) 27... Qg4 $15 28. Qe2 Qf5 29. Qg2 Rg6 {Black is much more active. The white rooks are passive.} (29... a4 $1 $17 30. Nd2 Ne3 31. Rxe3 dxe3) 30. Ree1 $2 {[%mdl 8192] [#] This costs White the game.} (30. a4 $11 {and White stays safe.}) 30... Nxf4 $19 {Black is clearly winning.} 31. Qf3 Nh3+ 32. Kg2 Qxc2+ 33. Re2 {[#]} Qxe2+ $3 34. Qxe2 Nf4+ 35. Kf2 Nxe2 36. Kxe2 Re6 37. Nd2 Rxe5+ 38. Kf2 Rf5+ {Weighted Error Value: White=0.54/Black=0.15 (very precise) .  Loses game:     	White=1     	---        Mistake:       	White=3     	Black=4      Inaccurate:     	White=3     	Black=1      OK:         	White=7     	Black=9      Best:        	White=1     	Black=2} 0-1

[Event "45th FIDE Womens Olympiad 2024"]
[Site "Budapest"]
[Date "2024.09.12"]
[Round "2.34"]
[White "Heinemann, Josefine"]
[Black "Vanduyfhuys, Daria"]
[Result "1/2-1/2"]
[ECO "E95"]
[WhiteElo "2316"]
[BlackElo "2112"]
[Annotator "ChessBase"]
[PlyCount "63"]
[EventDate "2024.09.05"]
[EventType "team-tourn"]
[EventCountry "HUN"]
[SourceTitle "playchess.com"]
[Source "ChessBase"]
[SourceQuality "1"]
[WhiteTeam "Germany"]
[BlackTeam "Belgium"]
[WhiteTeamCountry "GER"]
[BlackTeamCountry "BEL"]
[TimeControl "40/5400+30:1800+30"]

1. c4 Nf6 2. Nf3 g6 3. Nc3 Bg7 4. d4 d6 5. e4 O-O 6. Be2 Nbd7 7. O-O e5 8. Re1 exd4 9. Nxd4 Nc5 10. Bf1 Re8 11. f3 Ne6 12. Nde2 Bd7 13. Be3 a6 14. a4 a5 15. Qc2 Qe7 16. Rad1 Rad8 17. Bf2 Qf8 18. Nb5 Bxb5 19. axb5 Nd7 20. Nc3 Be5 21. g3 Qg7 22. Qd2 Ndc5 23. Bg2 Nb3 24. Qc2 Nbd4 25. Qb1 g5 26. Re3 c6 27. Red3 Nb3 28. Na4 Nbd4 29. Nc3 Nb3 30. Na4 Nbd4 31. Nc3 Nb3 32. Na4 1/2-1/2

[Event "45th FIDE Womens Olympiad 2024"]
[Site "Budapest"]
[Date "2024.09.12"]
[Round "2.35"]
[White "De Rycke, Tyani"]
[Black "Klek, Hanna Marie"]
[Result "1/2-1/2"]
[ECO "B26"]
[WhiteElo "2110"]
[BlackElo "2296"]
[Annotator "ChessBase"]
[PlyCount "83"]
[EventDate "2024.09.05"]
[EventType "team-tourn"]
[EventCountry "HUN"]
[SourceTitle "playchess.com"]
[Source "ChessBase"]
[SourceQuality "1"]
[WhiteTeam "Belgium"]
[BlackTeam "Germany"]
[WhiteTeamCountry "BEL"]
[BlackTeamCountry "GER"]
[TimeControl "40/5400+30:1800+30"]

1. e4 c5 2. Nc3 Nc6 3. g3 g6 4. Bg2 Bg7 5. d3 d6 6. Be3 e5 7. Qd2 Nge7 8. Nge2 Nd4 9. O-O O-O 10. f4 Be6 11. Nd1 b6 12. c3 Nxe2+ 13. Qxe2 exf4 14. gxf4 d5 15. Nf2 Qd7 16. Rad1 d4 17. Bd2 Bxa2 18. c4 Bb3 19. Ra1 a5 20. f5 gxf5 21. exf5 Rae8 22. Ne4 f6 23. Qh5 Nc8 24. Rf3 Re5 25. Raf1 Qe8 26. Qh4 Rxe4 27. dxe4 Bxc4 28. Rh3 h5 29. Rff3 Be2 30. Rf2 Bd1 31. Rg3 Rf7 32. Rf1 Be2 33. Re1 d3 34. Bf1 Bxf1 35. Rxf1 c4 36. Bh6 Qe5 37. Qxh5 Nd6 38. Qg4 Qxe4 39. Rf4 Qe1+ 40. Rf1 Qe4 41. Rf4 Qe1+ 42. Rf1 1/2-1/2

[Event "45th FIDE Womens Olympiad 2024"]
[Site "Budapest"]
[Date "2024.09.12"]
[Round "2.36"]
[White "Schulze, Lara"]
[Black "Dierckens, Sarah"]
[Result "1-0"]
[ECO "B75"]
[WhiteElo "2283"]
[BlackElo "1943"]
[Annotator "ChessBase"]
[PlyCount "61"]
[EventDate "2024.09.05"]
[EventType "team-tourn"]
[EventCountry "HUN"]
[SourceTitle "playchess.com"]
[Source "ChessBase"]
[SourceQuality "1"]
[WhiteTeam "Germany"]
[BlackTeam "Belgium"]
[WhiteTeamCountry "GER"]
[BlackTeamCountry "BEL"]
[TimeControl "40/5400+30:1800+30"]

1. e4 c5 2. Nf3 d6 3. d4 cxd4 4. Nxd4 Nf6 5. Nc3 g6 6. Be3 Bg7 7. f3 a6 8. Qd2 Nbd7 9. Be2 b5 10. a4 bxa4 11. Rxa4 Bb7 12. Nb3 O-O 13. Na5 Qc7 14. O-O Nc5 15. Ra3 Rfd8 16. b4 Ne6 17. Na4 Nd7 18. c4 Bc6 19. Nc3 Nb6 20. Nd5 Bxd5 21. cxd5 Nf8 22. Rc1 Qb8 23. Nc6 Qb7 24. Nxd8 Rxd8 25. Rxa6 Nfd7 26. Ra5 Rc8 27. Ba6 Rxc1+ 28. Qxc1 Qb8 29. Qc6 Nxd5 30. Qxd5 Qxb4 31. Bf1 1-0

[Event "45th FIDE Womens Olympiad 2024"]
[Site "Budapest"]
[Date "2024.09.12"]
[Round "2.37"]
[White "Garcia Martin, Marta"]
[Black "Sulyok, Eszter"]
[Result "1-0"]
[ECO "C54"]
[WhiteElo "2318"]
[BlackElo "2080"]
[Annotator "ChessBase"]
[PlyCount "55"]
[EventDate "2024.09.05"]
[EventType "team-tourn"]
[EventCountry "HUN"]
[SourceTitle "playchess.com"]
[Source "ChessBase"]
[SourceQuality "1"]
[WhiteTeam "Spain"]
[BlackTeam "Hungary C"]
[WhiteTeamCountry "ESP"]
[BlackTeamCountry "HUN"]
[TimeControl "40/5400+30:1800+30"]

1. e4 e5 2. Nf3 Nc6 3. Bc4 Bc5 4. d3 Nf6 5. O-O O-O 6. c3 d6 7. Nbd2 a5 8. Re1 Be6 9. h3 h6 10. Bb5 Ne7 11. d4 exd4 12. cxd4 Ba7 13. Bd3 d5 14. e5 Nd7 15. Nf1 c5 16. Ng3 cxd4 17. Bxh6 Ng6 18. Qd2 Re8 19. Nh5 Bxh3 20. Bxg7 Bg4 21. Qh6 Bxh5 22. Ng5 Qxg5 23. Qxg5 Kxg7 24. f4 Nc5 25. f5 Rh8 26. Qf6+ Kh6 27. fxg6 Nxd3 28. g7+ 1-0

[Event "45th FIDE Womens Olympiad 2024"]
[Site "Budapest"]
[Date "2024.09.12"]
[Round "2.38"]
[White "Gombocz, Zsofia"]
[Black "Vega Gutierrez, Sabrina"]
[Result "0-1"]
[ECO "B40"]
[WhiteElo "2061"]
[BlackElo "2374"]
[Annotator "TA"]
[PlyCount "52"]
[EventDate "2024.09.05"]
[EventType "team-tourn"]
[EventCountry "HUN"]
[SourceTitle "playchess.com"]
[Source "ChessBase"]
[SourceQuality "1"]
[WhiteTeam "Hungary C"]
[BlackTeam "Spain"]
[BlackTeamCountry "ESP"]
[TimeControl "40/5400+30:1800+30"]

1. e4 c5 2. Nf3 e6 3. c4 Nc6 4. Nc3 Nd4 5. Nxd4 cxd4 6. Ne2 e5 7. Ng3 {[#]} h5 8. h4 $2 (8. Nxh5 $14 {was the only good move.} g6 9. Ng3) 8... g6 $17 9. Ne2 Qa5 10. g3 Nf6 11. Bg2 b5 12. cxb5 (12. Nxd4 $1 $11 {remains equal.} bxc4 (12... exd4 13. e5 $11) 13. Nc2) 12... Qxb5 13. Qb3 Ba6 ({Black should play} 13... Qxb3 14. axb3 Rb8) 14. Qxb5 Bxb5 15. f4 Ng4 {Black has more active pieces.} 16. Bf3 (16. fxe5 $17 Nxe5 17. Nf4 (17. Nxd4 Nd3+ 18. Kd1 Ba6 $17)) 16... Bd6 17. Bxg4 (17. b3 $17) 17... hxg4 $19 18. f5 $2 (18. fxe5 Bxe5 19. Kf2) 18... Bd3 ({Don't take} 18... gxf5 19. exf5 f6 20. b3) 19. fxg6 fxg6 20. Rf1 Ke7 21. b3 Raf8 22. Bb2 {White is weak on the light squares} Rxf1+ 23. Kxf1 Rf8+ 24. Ke1 Bxe4 {[#] ...d3 is the strong threat.} 25. d3 Bb4+ 26. Kd1 Bxd3 {Weighted Error Value: White=1.30/Black=0.15 (very precise) .  Mistake:       	White=5     	Black=2      Inaccurate:     	White=2     	Black=1      OK:         	White=5     	Black=3      Best:        	---       	Black=2} 0-1

[Event "45th FIDE Womens Olympiad 2024"]
[Site "Budapest"]
[Date "2024.09.12"]
[Round "2.39"]
[White "Matnadze Bujiashvili, Ann"]
[Black "Nandin-Erdene, Davaademberel"]
[Result "1-0"]
[ECO "D02"]
[WhiteElo "2338"]
[BlackElo "2039"]
[Annotator "TA"]
[PlyCount "224"]
[EventDate "2024.09.05"]
[EventType "team-tourn"]
[EventCountry "HUN"]
[SourceTitle "playchess.com"]
[Source "ChessBase"]
[SourceQuality "1"]
[WhiteTeam "Spain"]
[BlackTeam "Hungary C"]
[WhiteTeamCountry "ESP"]
[BlackTeamCountry "HUN"]
[TimeControl "40/5400+30:1800+30"]

1. Nf3 d5 2. g3 Nf6 3. Bg2 c5 4. O-O Nc6 5. d4 cxd4 6. Nxd4 e5 7. Nxc6 bxc6 8. c4 Be6 9. Qa4 {[#] Black must now prevent cxd5.} Qd7 10. Nc3 Rc8 11. cxd5 {White is slightly better.} cxd5 12. Qxd7+ Kxd7 13. Rd1 Bc5 14. Nxd5 (14. Bxd5 Nxd5 15. e4 (15. Nxd5 Bxd5 16. Rxd5+ Ke6 $14) 15... Bd4 16. exd5 Bg4 $11) 14... Nxd5 15. Bxd5 Bxd5 16. Rxd5+ Ke6 17. Rd1 Rhd8 18. Bd2 Bb6 ({Better is} 18... Bd4 $1 $11) 19. Bc3 $14 Bd4 20. Rac1 Bxc3 21. Rxd8 Rxd8 22. Rxc3 $16 {[%mdl 4096] Endgame. KR-KR} ({Much worse is} 22. bxc3 $6 Rd2 $11) 22... Rd2 23. Rc6+ Kf5 24. Rc7 Kg6 25. Rxa7 Rxb2 26. Kf1 Rb1+ 27. Kg2 e4 28. g4 Rb2 29. e3 f6 30. Ra5 Rc2 31. h3 Rb2 32. Kg3 Re2 33. h4 Kh6 34. Ra6 Kg6 (34... Re1 {was called for.} 35. Rd6 Kg6) 35. h5+ Kg5 36. Ra7 Kh6 37. a3 Ra2 38. Ra6 {And now Kh4 would win.} Kg5 39. Ra7 Kh6 40. Ra4 g6 41. hxg6 ({White should play} 41. Rxe4 $18 {Re6 is the strong threat.} gxh5 42. gxh5) 41... hxg6 42. Rxe4 Rxa3 43. Re6 Kg7 44. Re7+ Kf8 45. Rb7 g5 46. Kf3 Ra2 47. Rc7 Rb2 48. Kg3 Rb3 49. Kg2 Ra3 50. Rd7 Ke8 51. Rh7 Ra2 52. Kg3 Ra3 53. Kf3 Ra2 54. Rb7 Kf8 55. Kg3 Ra3 $1 56. Kf3 Ra2 57. Rb3 Kf7 58. Kg3 Ra4 59. Rd3 Ra1 60. Kg2 Ra2 61. Kf3 Ke6 62. Kg3 Ra1 63. Rb3 Rg1+ 64. Kf3 Re1 65. Ke4 {Rb6+ would now be deadly.} Re2 66. f3 Ra2 67. Rb6+ Kf7 68. Rc6 Ra4+ 69. Kd5 Ra3 70. Rc7+ Kg6 71. Kd4 Ra4+ 72. Rc4 Ra3 73. Ke4 Ra1 74. Rd4 Ra3 75. Rb4 Rc3 76. Rb7 Rc4+ 77. Kd5 Ra4 78. Re7 Ra5+ 79. Kd6 (79. Ke4 $14) 79... Ra6+ 80. Kc5 Ra3 81. Re4 (81. Kc4 $14) 81... Ra5+ 82. Kd4 Ra3 83. Re6 Ra4+ 84. Kd3 Ra3+ 85. Ke2 Ra2+ 86. Ke1 Rb2 87. Rd6 Rh2 88. Rd7 Ra2 89. Rd2 Ra3 90. Kf2 Rb3 91. Rd7 Rb2+ 92. Kg3 Rb3 93. Kf2 Rb2+ 94. Kf1 Ra2 95. Rd3 Ra4 96. Kf2 Ra2+ 97. Kg3 Ra1 98. f4 gxf4+ 99. exf4 Rg1+ 100. Kh3 Rf1 101. Rd4 Rh1+ 102. Kg2 Ra1 103. Rd7 Ra3 104. Re7 Rb3 105. Kf2 Ra3 106. Re6 {Intending g5 and mate.} Rb3 107. g5 Kf5 $2 {[%mdl 8192] [#] Loses the game.} ({Not} 107... Rb2+ $2 108. Kf3 $18) (107... Kh5 $11) 108. Rxf6+ Kg4 109. Rf7 Rb6 110. Ke3 Re6+ 111. Kd4 Rg6 112. Ke5 (112. Rf6 $142 Rg8 113. g6 Rg7 114. f5 Rg8 115. g7 Kg5 116. Rf7 Kg4 117. f6 Rd8+ 118. Kc5) 112... Kh5 {Weighted Error Value: White=0.18 (very precise) /Black=0.12 (very precise) .  Loses game:     	---       	Black=1      Mistake:       	White=3     	Black=2      Inaccurate:     	White=2     	Black=5      OK:         	White=29    	Black=39     Best:        	White=2     	Black=7      Strong:       	---       	Black=1} 1-0

[Event "45th FIDE Womens Olympiad 2024"]
[Site "Budapest"]
[Date "2024.09.12"]
[Round "2.40"]
[White "Sipos, Stefania"]
[Black "Calzetta Ruiz, Monica"]
[Result "0-1"]
[ECO "B22"]
[WhiteElo "1993"]
[BlackElo "2199"]
[Annotator "ChessBase"]
[PlyCount "68"]
[EventDate "2024.09.05"]
[EventType "team-tourn"]
[EventCountry "HUN"]
[SourceTitle "playchess.com"]
[Source "ChessBase"]
[SourceQuality "1"]
[WhiteTeam "Hungary C"]
[BlackTeam "Spain"]
[WhiteTeamCountry "HUN"]
[BlackTeamCountry "ESP"]
[TimeControl "40/5400+30:1800+30"]

1. e4 c5 2. Nf3 Nc6 3. c3 d5 4. exd5 Qxd5 5. d4 Nf6 6. Be3 cxd4 7. cxd4 e6 8. Nc3 Qd8 9. Bd3 Be7 10. O-O O-O 11. Qe2 Nb4 12. Bb1 b6 13. Re1 Ba6 14. Qd2 Rc8 15. a3 Nbd5 16. Nxd5 Qxd5 17. Ba2 Qa8 18. Bg5 Bb7 19. Re3 Ne4 20. Rxe4 Bxg5 21. Nxg5 Bxe4 22. Re1 Bf5 23. Bb3 h6 24. Nf3 Qc6 25. Ne5 Qb5 26. Qe3 Bc2 27. Bxc2 Rxc2 28. b3 Qd5 29. Nc4 Rd8 30. Qd3 Qf5 31. Qg3 Qg5 32. Qd3 Rc1 33. Rd1 Rxd1+ 34. Qxd1 Qf4 0-1